 Dungeon Crawl Stone Soup version 0.28.0-53-g5a82cb258f (webtiles) character file.

Game seed: 5633016751790718053

103 RevDB the Skirmisher (level 4, -4/38 (39) HPs)
             Began as a Palentonga Fighter on July 14, 2022.
             Slain by a hornet zombie (8 damage)
             ... on level 3 of the Dungeon.
             The game lasted 00:12:14 (1126 turns).

RevDB the Skirmisher (Palentonga Fighter)           Turns: 1126, Time: 00:12:14

HP:   -4/38 (39)    AC:  8    Str: 19    XL:     4   Next: 51%
MP:   4/4           EV:  7    Int:  8    God:
Gold: 64            SH:  4    Dex: 10    Spells: 3/3 levels left

rFire   . . .      SeeInvis +   k - +7 dagger of Pumidwon {elec, rN++ rCorr Str-2 SInv}
rCold   . . .      Faith    .   c - +0 buckler
rNeg    + + .      Spirit   .   b - +0 scale mail
rPois   .          Reflect  .   e - +0 helmet
rElec   .          Harm     .   (no cloak)
rCorr   +          Rampage  .   g - +0 pair of gloves
Will    .....                   (no barding)
Stlth   ..........              (no amulet)
HPRegen 0.12/turn               (no ring)
MPRegen 0.09/turn               (no ring)

@: lightly drained
A: large, rugged brown scales 3, see invisible, deformed body, roll 1, armoured
tail
a: Rolling Charge


You were on level 3 of the Dungeon.
You visited 1 branch of the dungeon, and saw 3 of its levels.

You collected 64 gold pieces.

Inventory:

Hand Weapons
 a - a +0 war axe
 k - the +7 dagger of Pumidwon (weapon) {elec, rN++ rCorr Str-2 SInv}
   (You found it on level 2 of the Dungeon)

   It occasionally discharges a powerful burst of electricity upon striking a
   foe.
   Str:       It affects your strength (-2).
   rN:        It greatly protects you from negative energy.
   SInv:      It lets you see invisible.
   rCorr:     It protects you from acid and corrosion.
Armour
 b - a +0 scale mail (worn)
 c - a +0 buckler (worn)
 e - a +0 helmet (worn)
 g - a +0 pair of gloves (worn)
 h - a +0 leather armour
Scrolls
 f - 5 scrolls of teleportation {unknown}
 j - a scroll of identify {unknown}
 l - a scroll of fog {unknown}
Potions
 d - 3 potions of might
 i - 2 potions of flight {unknown}
 m - a potion of mutation {unknown}


   Skills:
 - Level 4.0 Fighting
 + Level 4.0 Axes
 - Level 2.4 Armour
 - Level 2.4 Shields


You had 3 spell levels left.
You didn't know any spells.
Your spell library contained the following spells:

 Spells                   Type           Power      Damage    Failure   Level
 Magic Dart               Conj           0%         1d3       86%         1
 Corpse Rot               Necr/Air       0%         N/A       94%         2
 Poisonous Vapours        Pois/Air       0%         N/A       94%         2
 Searing Ray              Conj           0%         2d4       94%         2
 Fulminant Prism          Conj/Hex       0%         3d6       100%        4


Dungeon Overview and Level Annotations

Branches:
Dungeon (3/15)

Altars:


Innate Abilities, Weirdness & Mutations

You are completely covered in rugged brown scales. (AC +3, +7% HP)
You have supernaturally acute eyesight. (SInv)
Armour fits poorly on your strangely shaped body.
You can roll at nearby foes to attack.
You have a long armoured tail.


Message History

Aim: a hornet zombie You roll forward with a clatter of scales! 2 wights come into view.
You puncture the hornet zombie!
Lightning courses through the hornet zombie!
The hornet zombie is heavily damaged.
A wight comes into view. It is wielding a +4 long sword.
The hornet zombie hits you but does no damage.
The ball python bites you but does no damage.
You barely miss the hornet zombie.
The hornet zombie is heavily damaged.
The hornet zombie hits you but does no damage.
The ball python bites you but does no damage.
The hornet zombie closely misses you.
The ball python bites you but does no damage.
The endoplasm hits you.
Things that are here:
a +0 dagger; a +0 robe You hit the endoplasm.
Lightning courses through the endoplasm!
You kill the endoplasm!
The ball python closely misses you.
You hit the ball python.
You kill the ball python!
You hit the hornet zombie.
The hornet zombie is severely damaged.
The hornet zombie hits you.
You hit the wight.
Your tail-slap misses the wight.
The wight is lightly damaged.
The hornet zombie hits you but does no damage.
The hornet zombie hits you!
You hit the hornet zombie.
The hornet zombie is severely damaged.
The hornet zombie barely misses you.
The wight hits you from afar with a +2 trident!
You partially resist.
You feel drained.
The wight hits you with a +3 long sword!
* * * LOW HITPOINT WARNING * * *
The hornet zombie hits you!
You die...

# .# .. ###.#....
#........ #<# ####
#######.#
...##.......#
#..#....@..# .#
#.#..z.Z..#
...#####....z..###
#####
...#.....z...###
...
........)........
...
####.#)..########
... ##......####
#.#
#....)†....####
#.#
#.......?.......
#.#


You could see 3 wights and a hornet zombie.

Vanquished Creatures
  2 orc wizards (D:3)
  An adder (D:3)
  A worm (D:2)
  An orc (D:3)
  4 endoplasms
  5 giant cockroaches
  3 goblins
  3 hobgoblins
  4 ball pythons
  2 frilled lizards (D:1)
  9 kobolds (D:1)
  8 rats
43 creatures vanquished.

Notes
Turn   | Place    | Note
-------+----------+-------------------------------------------
     0 | D:1      | RevDB the Palentonga Fighter began the quest for the Orb.
     0 | D:1      | Reached XP level 1. HP: 19/19 MP: 1/1
    73 | D:1      | Reached XP level 2. HP: 10/25 MP: 2/2
   278 | D:1      | Found a faded altar of an unknown god.
   690 | D:2      | Reached XP level 3. HP: 32/32 MP: 3/3
   718 | D:2      | Identified the +7 dagger of Pumidwon {elec, rN++ rCorr
                  | Str-2 SInv}
  1109 | D:3      | Reached XP level 4. HP: 39/39 MP: 4/4
  1126 | D:3      | Slain by a hornet zombie

Illustrated notes

Levels and vault maps discovered:
D:1:      mushboom_english_gardens, layout_rooms,
          hellmonk_ecumenical_altar_arch_garden, minivault_4
D:2:      layout_rooms
D:3:      layout_rooms

Skill      XL: |  1  2  3  4 |
---------------+-------------+-----
Fighting       | 4 |  4.0
Axes           | 3 4 |  4.0
Armour         | |  2.4
Shields        | |  2.4

Action                   |  1- 3 |  4- 6 || total
-------------------------+-------+-------++-------
Melee: War axe           |    65 |       ||    65
       Tailslap          |     7 |     1 ||     8
       Dagger            |     9 |    10 ||    19
 Abil: Rolling Charge    |    20 |     2 ||    22
Armor: Scale mail        |    28 |     6 ||    34
Dodge: Dodged            |    23 |     3 ||    26
Block: Buckler           |    13 |       ||    13
